 Dungeon Crawl Stone Soup version 0.28.0-45-g0d030f2227 (webtiles) character file.

Game seed: 1764123921556331238

51573 Peloso the Fencer (level 14, -2/127 (129) HPs)
             Began as a Minotaur Fighter on Apr 3, 2022.
             Was the Champion of Okawaru.
             Killed by divine providence
             ... invoked by Saint Roka
              (10 damage)
             ... on level 2 of the Orcish Mines.
             The game lasted 00:50:01 (25667 turns).

Peloso the Fencer (Minotaur Fighter)               Turns: 25667, Time: 00:50:01

HP:   -2/127 (129)  AC: 23    Str: 28    XL:     14   Next: 23%
MP:   13/14         EV: 12    Int:  5    God:    Okawaru [******]
Gold: 1155          SH: 14    Dex: 14    Spells: 13/13 levels left

rFire   . . .      SeeInvis .   b - +3 scimitar (flame)
rCold   . . .      Faith    .   c - +0 buckler
rNeg    . . .      Spirit   .   f - +0 plate armour
rPois   .          Reflect  +   (helmet restricted)
rElec   .          Harm     .   E - +0 cloak
rCorr   .          Rampage  .   (no gloves)
Will    ++...                   F - +0 pair of boots
Stlth   ..........              n - amulet of reflection
HPRegen 0.31/turn               k - +6 ring of strength
MPRegen 0.14/turn               V - ring of willpower

@: heroic, marked, slowed, lightly drained, very slow
A: horns 2, retaliatory headbutt
a: Renounce Religion, Heroism, Finesse, Duel


You were on level 2 of the Orcish Mines.
You worshipped Okawaru.
Okawaru was exalted by your worship.
You visited 4 branches of the dungeon, and saw 18 of its levels.
You also visited: Bailey and Ice Cave.

You collected 1439 gold pieces.
You spent 284 gold pieces at shops.

Inventory:

Hand Weapons
 a - a +2 scimitar of freezing
 b - a +3 scimitar of flaming (weapon)
 o - a +0 hand crossbow
Missiles
 K - 160 bolts
 W - a throwing net (quivered)
Armour
 c - a +0 buckler (worn)
 f - a +0 plate armour (worn)
 E - a +0 cloak (worn)
 F - a +0 pair of boots (worn)
Jewellery
 k - a +6 ring of strength (left hand)
 n - an amulet of reflection (around neck)
 v - a ring of poison resistance
 y - an amulet of guardian spirit
 B - a ring of protection from cold
 C - a ring of see invisible
 I - a ring of protection from cold
 O - a ring of protection from cold
 U - an amulet of the acrobat
 V - a ring of willpower (right hand)
Wands
 t - a wand of polymorph (12)
 u - a wand of flame (39)
 G - a wand of mindburst (10)
 L - a wand of iceblast (10)
 M - a wand of paralysis (7)
Scrolls
 e - 3 scrolls of magic mapping
 g - 5 scrolls of blinking
 i - 7 scrolls of fog
 m - 4 scrolls of enchant weapon
 p - 3 scrolls of immolation
 q - a scroll of summoning {unknown}
 r - 3 scrolls of enchant armour
 s - 8 scrolls of teleportation
 x - 6 scrolls of noise
 z - a scroll of brand weapon
 D - 3 scrolls of amnesia
 J - 2 scrolls of fear
Potions
 d - 5 potions of might
 h - a potion of heal wounds
 j - a potion of berserk rage
 l - 7 potions of curing
 w - 3 potions of brilliance
 A - a potion of resistance
 H - 2 potions of ambrosia
 P - a potion of flight
 Q - 3 potions of mutation
 R - 3 potions of cancellation
 S - 4 potions of magic
 T - a potion of invisibility {unknown}
 X - a potion of haste {unknown}
Miscellaneous
 N - a box of beasts


   Skills:
 + Level 13.4(18.4) Fighting
 + Level 16.2(21.2) Long Blades
 + Level 5.9(10.9) Crossbows
 + Level 15.4(20.4) Armour
 + Level 3.7(8.7) Dodging
 + Level 1.7(6.7) Stealth
 + Level 13.8(18.8) Shields
 + Level 1.7 Invocations
 + Level 0.5 Evocations


You had 13 spell levels left.
You didn't know any spells.
Your spell library contained the following spells:

 Spells                   Type           Power      Damage    Failure   Level
 Sting                    Tmut/Pois      0%         1d3       95%         1
 Blink                    Tloc           0%         N/A       98%         2
 Poisonous Vapours        Pois/Air       0%         N/A       98%         2
 Confusing Touch          Hex            0%         N/A       100%        3
 Gell's Gravitas          Tloc           0%         N/A       100%        3
 Inner Flame              Hex/Fire       0%         N/A       100%        3
 Lesser Beckoning         Tloc           0%         N/A       100%        3
 Stone Arrow              Conj/Erth      0%         3d7       100%        3
 Teleport Other           Tloc           0%         N/A       100%        3
 Airstrike                Air            0%         N/A       100%        4
 Anguish                  Hex/Necr       0%         N/A       100%        4
 Cause Fear               Hex            0%         N/A       100%        4
 Olgreb's Toxic Radiance  Pois           0%         N/A       100%        4
 Petrify                  Tmut/Erth      0%         N/A       100%        4
 Iskenderun's Battlesphe  Conj           0%         2d6       100%        5
 Lightning Bolt           Conj/Air       0%         1d11      100%        5
 Manifold Assault         Tloc           0%         N/A       100%        5
 Metabolic Englaciation   Hex/Ice        0%         N/A       100%        5
 Yara's Violent Unravell  Hex/Tmut       0%         3d3       100%        5
 Iron Shot                Conj/Erth      0%         9d1       100%        6
 Statue Form              Tmut/Erth      0%         N/A       100%        6
 Enfeeble                 Hex            0%         N/A       100%        7
 Storm Form               Tmut/Air       0%         N/A       100%        7
 Discord                  Hex            0%         N/A       100%        8
 Lehudib's Crystal Spear  Conj/Erth      0%         10d2      100%        8
 Animate Armour           Summ/Erth      Unusable   N/A       N/A         4
 Summon Lightning Spire   Summ/Air       Unusable   N/A       N/A         4
 Spellforged Servitor     Conj/Summ      Unusable   N/A       N/A         7

Dungeon Overview and Level Annotations

Branches:
Dungeon (12/15)            Temple (1/1) D:5            Lair (3/6) D:11
  Snake (0/4) Lair:3          Orc (2/2) D:11         Bailey (visited)
  IceCv (visited)
  Swamp: Lair:2-4    Shoals: Lair:2-4       Elf: Orc:2

Altars:
Ashenzari
Cheibriados
Dithmenos
Elyvilon
Fedhas
Gozag
Hepliaklqana
Kikubaaqudgha
Makhleb
Nemelex Xobeh
Okawaru
Qazlal
Ru
Sif Muna
Trog
Uskayaw
Vehumet
Xom
Yredelemnul
Zin
The Shining One
Beogh

Shops:
D:10 (?![*   D:11 (   D:12 !   Orc:2 !

Portals:
Trove: D:12 (show abyssal rune of Zot)

Annotations:
D:5 1 runed translucent door, dangdung's ghost, amateur OpTm
Orc:2 Josephine; Saint Roka


Innate Abilities, Weirdness & Mutations

You have a pair of horns on your head.
You reflexively headbutt those who attack you in melee.


Message History

You furiously retaliate!
You headbutt the orc.
An orc warrior comes into view.
It is wielding a +1 hand axe of electrocution.
The orc high priest closely misses you.
Saint Roka invokes the aid of Beogh against you.
Beogh smites you!
* * * LOW HITPOINT WARNING * * *
An orc warrior comes into view.
It is wielding a +0 trident and wearing a +0 plate armour of willpower.
An orc comes into view. It is wielding a +0 short sword.
You block the orc's attack. You block the ufetubus's attack.
The ufetubus misses you. The ufetubus completely misses you.
The ufetubus barely misses you.
An orc warrior comes into view. It is wielding a +0 dire flail.
The orc high priest hits you but does no damage.
As you read the scroll of fear, it crumbles to dust.
You assume a fearsome visage.
The ufetubus looks frightened!
The orc looks frightened!
The orc warrior looks frightened!
The ufetubus looks frightened!
The ynoxinul looks frightened!
The orc sorcerer easily resists.
The ufetubus looks frightened! x3
The red devil resists with some effort.
The orc warrior looks frightened!
The orc looks frightened!
Saint Roka resists with almost no effort.
The orc warrior looks frightened!
The orc looks frightened!
The orc sorcerer looks frightened!
The orc looks frightened!
The troll looks frightened!
The warg looks frightened!
The orc warrior looks frightened!
Josephine looks frightened!
The wraith is unaffected. x4; The orc high priest looks frightened!
The orc priest looks frightened!
The orc warrior looks frightened!
The orc priest looks frightened!
The orc looks frightened! x4
The orc warrior looks frightened!
The troll looks frightened!
The orc warrior no longer looks unusually strong.
An orc warrior comes into view. It is wielding a +0 dire flail.
Saint Roka invokes the aid of Beogh against you.
Beogh smites you!
* * * LOW HITPOINT WARNING * * *
Cornered, the ufetubus turns to fight!
The orc warrior pleads, "Please!
I have a lot of children!"
The troll cries, "Help!"
Saint Roka calls down the wrath of Beogh upon you.
Beogh smites you!
You die...

##........∩..
#............ ..
#...<....... ...
##.......$.# #..#
###..........#
#...##.#...#5..5..#
#......To..5.....#
#.#...o...[3.W..#
##.....o.WWoW.@..#
#....#).T[oW#o.o.#
#..[<)))o4@o#5#o#
#..)#)o))h4###o.# .
##.####o#o.[#.5.######..
## ##.##o#3)o5#.......
#...To3o.))#.......
##.##ooo..oo.......
####.5o...).......


You could see Saint Roka, Josephine (fleeing), an orc high priest (strong,
fleeing), 2 trolls, a ynoxinul (summoned, fleeing), 5 wraiths, a warg (fleeing),
an orc sorcerer (strong), a red devil (summoned), 5 orc warriors, an orc priest
(strong, fleeing), 7 orcs and 6 ufetubi.

Vanquished Creatures
  An orc warlord (Orc:1)
  Azrael (D:12)
  3 hydras
  2 boulder beetles
  2 ironbound frosthearts (IceCv)
  2 two-headed ogres (D:11)
  6 death yaks
  3 orc high priests (Orc:2)
  A lindwurm (Lair:3)
  3 orc knights
  An ugly thing (D:11)
  4 orc sorcerers (Orc:2)
  6 black mambas
  4 elephants
  Joseph (D:10)
  7 cane toads
  2 unseen horrors
  Maggie (D:6)
  A gargoyle (D:10)
  6 komodo dragons
  An ice statue (IceCv)
  6 rime drakes
  2 trolls
  10 polar bears
  8 blink frogs
  4 shadows
  A wraith (D:12)
  7 wyverns
  4 fire elementals (D:12)
  50 yaks
  A basilisk (Lair:3)
  2 steam dragons
  A warg (Orc:2)
  3 nagas (Lair:3)
  An acid dragon (D:11)
  3 hell hounds (D:12)
  11 water moccasins
  A black bear (D:11)
  A necrophage (D:6)
  An ice beast (D:7)
  A sky beast (D:6)
  25 orc warriors
  28 wolves
  3 ogres
  14 centaurs
  2 phantoms
  2 kobold brigands
  9 bullfrogs
  A wyvern zombie (D:8)
  2 scorpions (D:11)
  A wyvern skeleton (D:7)
  2 troll zombies (D:11)
  10 wights (D:8)
  4 howler monkeys
  An electric eel (D:7)
  2 centaur zombies
  5 hounds
  4 gnoll shamans
  16 orc priests
  4 iguanas
  12 orc wizards
  A hell rat (Lair:3)
  2 killer bee zombies
  6 ogre zombies (D:11)
  2 hound skeletons (D:4)
  A howler monkey zombie (D:10)
  A howler monkey skeleton (D:6)
  8 adders
  22 gnolls
  A white imp (D:7)
  An ufetubus (D:6)
  An adder zombie (D:5)
  A worm (D:2)
  2 dart slugs
  60 orcs
  4 ball pythons
  3 bats
  5 endoplasms
  A giant cockroach (D:3)
  11 goblins
  5 hobgoblins
  10 jackals
  5 quokkas
  5 frilled lizards
  2 goblin zombies (D:11)
  A hobgoblin skeleton (D:11)
  4 hobgoblin zombies (D:11)
  18 kobolds
  3 orc skeletons (D:11)
  15 orc zombies (D:11)
  4 rats
  A spectral goblin (D:10)
529 creatures vanquished.

Vanquished Creatures (others)
  A shadow (D:12)
  A wolf (IceCv)
  An orc wizard (Orc:2)
  An orc (Orc:2)
  23 fungi
  31 plants
  8 withered plants (D:1)
66 creatures vanquished.

Grand Total: 595 creatures vanquished

Notes
Turn   | Place    | Note
-------+----------+-------------------------------------------
     0 | D:1      | Peloso the Minotaur Fighter began the quest for the Orb.
     0 | D:1      | Reached XP level 1. HP: 19/19 MP: 0/0
   205 | D:1      | Reached XP level 2. HP: 24/27 MP: 1/1
   582 | D:1      | Found a faded altar of an unknown god.
  1133 | D:2      | Reached XP level 3. HP: 33/33 MP: 2/2
  1281 | D:2      | Reached skill level 3 in Long Blades
  1698 | D:3      | Reached skill level 1 in Dodging
  1698 | D:3      | Reached XP level 4. HP: 28/40 MP: 3/3
  2077 | D:3      | Reached skill level 4 in Long Blades
  2331 | D:3      | Reached XP level 5. HP: 46/46 MP: 4/4
  2921 | D:4      | Reached skill level 5 in Long Blades
  2921 | D:4      | Reached skill level 5 in Armour
  2954 | D:4      | Found a hide-covered altar of Uskayaw.
  3075 | D:4      | Reached XP level 6. HP: 46/53 MP: 5/5
  4061 | D:5      | Entered Level 5 of the Dungeon
  4384 | D:5      | Found a runed translucent door.
  4388 | D:5      | Noticed dangdung's ghost (amateur OpTm)
  4747 | D:5      | Found a staircase to the Ecumenical Temple.
  4768 | Temple   | Entered the Ecumenical Temple
  4849 | Temple   | Became a worshipper of Warmaster Okawaru
  5070 | D:5      | Reached skill level 6 in Long Blades
  5214 | D:6      | Reached XP level 7. HP: 60/60 MP: 6/6
  5303 | D:6      | Reached skill level 5 in Shields
  5339 | D:6      | Noticed Maggie
  5359 | D:6      | Killed Maggie
  5360 | D:6      | Reached skill level 5 in Fighting
  5365 | D:6      | Reached * piety under Okawaru
  5366 | D:6      | Reached skill level 7 in Long Blades
  5637 | D:6      | Reached XP level 8. HP: 61/68 MP: 7/7
  6300 | D:6      | Reached skill level 8 in Long Blades
  6394 | D:6      | Found a shimmering altar of Xom.
  6395 | D:6      | Found a glowing golden altar of the Shining One.
  6396 | D:6      | Found a bloodstained altar of Trog.
  6397 | D:6      | Found a sacrificial altar of Ru.
  6703 | D:7      | Reached ** piety under Okawaru
  6856 | D:7      | Reached skill level 1 in Stealth
  7021 | D:7      | Reached skill level 9 in Long Blades
  7091 | D:7      | Found a blossoming altar of Fedhas.
  7111 | D:7      | Reached XP level 9. HP: 61/75 MP: 8/8
  7215 | D:7      | Found a snail-covered altar of Cheibriados.
  8112 | D:8      | Found an opulent altar of Gozag.
  8133 | D:8      | Reached skill level 10 in Long Blades
  8589 | D:8      | Reached *** piety under Okawaru
  9816 | D:10     | Entered Level 10 of the Dungeon
  9816 | D:10     | Found a basalt altar of Yredelemnul.
  9819 | D:10     | Found Ryuzudimp's Magic Scroll Shop.
  9828 | D:10     | Bought a scroll of identify for 26 gold pieces
  9828 | D:10     | Bought a scroll of identify for 26 gold pieces
  9842 | D:10     | Found Naxor's Armour Boutique.
  9870 | D:10     | Noticed a komodo dragon
  9876 | D:10     | Killed a komodo dragon
  9877 | D:10     | Reached skill level 11 in Long Blades
  9890 | D:10     | Found Rikuecw's Assorted Antiques.
  9899 | D:10     | Reached **** piety under Okawaru
  9900 | D:10     | Reached XP level 10. HP: 84/88 MP: 9/9
  9935 | D:10     | Reached skill level 10 in Armour
  9982 | D:10     | Found Qapn's Distillery.
  9983 | D:10     | Found a flagged portal.
 10008 | D:10     | Bought a potion of heal wounds for 65 gold pieces
 10008 | D:10     | Bought a potion of degeneration for 13 gold pieces
 10184 | Bailey   | Entered a bailey
 10207 | Bailey   | Reached skill level 1 in Crossbows
 10367 | Bailey   | Reached ***** piety under Okawaru
 10367 | Bailey   | Received a gift from Okawaru
 11431 | Bailey   | Reached skill level 5 in Crossbows
 12029 | D:10     | Found Beisauzi's Antique Weapon Shop.
 12065 | D:10     | Found a radiant altar of Vehumet.
 12359 | D:10     | Noticed Joseph
 12398 | D:10     | Killed Joseph
 12398 | D:10     | Received a gift from Okawaru
 12399 | D:10     | Reached XP level 11. HP: 95/95 MP: 7/10
 12673 | D:10     | Found a hazy altar of Hepliaklqana.
 12998 | D:11     | Noticed a white ugly thing
 13011 | D:11     | Killed a white ugly thing
 13408 | D:11     | Noticed a two-headed ogre
 13423 | D:11     | Killed a two-headed ogre
 13791 | D:11     | Found Onnolog's Weapon Boutique.
 13897 | D:11     | Found a staircase to the Lair.
 13906 | D:11     | Identified the +5 spear of Greed {vorpal, Will+ Int+6}
 13943 | D:11     | Found a staircase to the Orcish Mines.
 13965 | D:11     | Received a gift from Okawaru
 13966 | D:11     | Reached skill level 10 in Shields
 14088 | D:11     | Reached skill level 12 in Long Blades
 14306 | D:11     | Noticed a two-headed ogre
 14315 | D:11     | Killed a two-headed ogre
 14605 | D:12     | Found Esiul's Distillery.
 14621 | D:12     | Bought a potion of flight for 42 gold pieces
 14621 | D:12     | Bought a potion of mutation for 112 gold pieces
 15145 | D:12     | Found a portal to a secret trove of treasure.
 15245 | D:12     | Noticed Azrael
 15254 | D:12     | Reached skill level 13 in Long Blades
 15598 | D:12     | Identified the +0 hat of the Echidna {rC- rCorr Str-3 SInv}
                  | (Okawaru gifted it to you on level 12 of the Dungeon)
 15598 | D:12     | Received a gift from Okawaru
 15599 | D:12     | Reached skill level 1 in Invocations
 15880 | D:12     | Killed Azrael
 15899 | D:12     | Noticed Nergalle
 16329 | D:12     | Noticed a boulder beetle
 16335 | D:12     | Killed a boulder beetle
 16336 | D:12     | Reached XP level 12. HP: 96/106 MP: 8/11
 16599 | Lair:1   | Entered Level 1 of the Lair of Beasts
 16967 | Lair:1   | Reached skill level 10 in Fighting
 17777 | Lair:1   | Reached skill level 14 in Long Blades
 18198 | Lair:2   | Got the Compendium of Beguiling
 18407 | Lair:2   | Noticed a five-headed hydra
 18414 | Lair:2   | Killed a two-headed hydra
 18414 | Lair:2   | Received a gift from Okawaru
 19102 | Lair:3   | Found the +8 Wrath of Trog {antimagic, *Rage Rampage}
 19116 | Lair:3   | Found a frozen archway.
 19205 | IceCv    | Entered an ice cave
 19450 | IceCv    | Reached XP level 13. HP: 102/116 MP: 12/12
 20522 | IceCv    | Reached skill level 15 in Long Blades
 21051 | IceCv    | Identified the +9 halberd of Dishonesty {freeze, Fragile
                  | rN+ Dex+6}
 21506 | Lair:3   | Found a staircase to the Snake Pit.
 21771 | Lair:3   | Reached ****** piety under Okawaru
 21866 | Lair:3   | Identified the +4 long sword "Killer Klown's Bane" {spect,
                  | rPois rCorr Dex-5} (Okawaru gifted it to you on level 3 of
                  | the Lair of Beasts)
 21866 | Lair:3   | Received a gift from Okawaru
 23188 | Lair:3   | Identified the +7 chain mail of Rocurr {rC- rCorr Int+9
                  | Dex-4} (Okawaru gifted it to you on level 3 of the Lair of
                  | Beasts)
 23188 | Lair:3   | Received a gift from Okawaru
 23471 | Lair:3   | Reached skill level 15 in Armour
 24029 | Orc:1    | Entered Level 1 of the Orcish Mines
 24484 | Orc:2    | Entered Level 2 of the Orcish Mines
 24567 | Orc:2    | Reached XP level 14. HP: 87/129 MP: 14/14
 24911 | Orc:2    | Noticed an orc warlord
 24936 | Orc:1    | Killed an orc warlord
 24937 | Orc:1    | Reached skill level 16 in Long Blades
 25339 | Orc:2    | Found Merooqol's Distillery.
 25489 | Orc:2    | Paralysed by an orc sorcerer for 5 turns
 25649 | Orc:2    | Noticed Josephine
 25652 | Orc:2    | Noticed Saint Roka
 25665 | Orc:2    | HP: 4/127 [Saint Roka/divine providence (13)]
 25667 | Orc:2    | Killed from afar by Saint Roka

Illustrated notes

Levels and vault maps discovered:
D:1:      dpeg_arrival_oval, layout_basic, shapermc_ecumenical_altar_flowoftime
D:2:      layout_loops_ring
D:3:      layout_loops_ring
D:4:      layout_basic, mainiacjoe_overflow_alcove_2
D:5:      layout_basic, minmay_temple_entry_offerings, ebering_ghost_sewer_d,
          kennysheep_cluttered_room
D:6:      layout_basic, minitemple, uniq_maggie
D:7:      layout_loops_ring, kennysheep_mini, kennysheep_slug_shrine,
          serial_bayou_ford_a, corner_web_ring
D:8:      layout_basic, lemuel_crystal_altar
D:9:      layout_basic
D:10:     layout_roguey, mainiacjoe_overflow_tiny_flanked,
          nicolae_hepliaklqana_monster_ancestors, mainiacjoe_overflow_brackets,
          enter_bailey_5, serial_shops, shop, shop, nicolae_shop_crystal,
          nicolae_shop_hallway_plus, shop, uniq_joseph
D:11:     layout_gridville, grunt_lair_entry_orc_guard_hut, zombieorc2_lemuel,
          serial_shops, shop
D:12:     layout_basic, nicolae_trove_entry_free_sample, nicolae_stop_n_shop_2,
          chequers_serial_rivers_micro_b, skrybe_limestone_x, uniq_azrael,
          uniq_nergalle
Temple:   minmay_temple_curvy_loop
Lair:1:   layout_regular_city
Lair:2:   layout_chaotic_city, infiniplex_staircase_pool_2, lemuel_fruit_tree,
          serial_bayou_shore_a
Lair:3:   nzn_winding_woodlands_stair_cross
          [nzn_winding_woodlands_5x15_lazy_stream,
          nzn_winding_woodlands_center_lodge,
          nzn_winding_woodlands_5x15_river_crossing,
          nzn_winding_woodlands_5x5_three, nzn_winding_woodlands_5x5_open_star,
          nzn_winding_woodlands_5x15_jagged,
          nzn_winding_woodlands_center_pierced_h,
          nzn_winding_woodlands_5x15_garden], layout_loops_ring,
          guppyfry_snake_entry_island, portal_ice_cave_rime, st_stairs_11
Orc:1:    layout_caves, basic_altar, nicolae_shop_clearance
Orc:2:    st_orc_congregation, layout_caves, serial_shops, shop,
          uniq_saint_roka, uniq_josephine

Skill      XL: |  1  2  3  4  5  6  7  8  9 10 11 12 13 14 |
---------------+-------------------------------------------+-----
Armour         | 4 5 6 7 9 10 12 13 15 | 15.4
Fighting       | 4 5 6 7 8 9 11 13 | 13.4
Shields        | 4 5 6 8 9 11 12 13 | 13.8
Long Blades    | 3 4 5 6 7 9 11 13 14 15 16 | 16.2
Dodging        | 1 2 3 |  3.7
Stealth        | 1 |  1.7
Crossbows      | 5 |  5.9
Invocations    | 1 |  1.7
Evocations     | |  0.5

Action                   |  1- 3 |  4- 6 |  7- 9 | 10-12 | 13-15 || total
-------------------------+-------+-------+-------+-------+-------++-------
Melee: Long sword        |    90 |   125 |   182 |       |       ||   397
       Headbutt          |    19 |    20 |    49 |   184 |   115 ||   387
       Falchion          |       |       |    92 |   425 |       ||   517
       Scimitar          |       |       |       |   313 |   464 ||   777
 Fire: Hand crossbow     |       |       |       |   101 |       ||   101
Invok: Heroism           |       |       |       |     9 |     6 ||    15
Evoke: Wand              |       |       |     1 |     8 |     1 ||    10
  Use: Scroll            |     2 |       |     9 |    12 |     4 ||    27
       Potion            |       |       |       |     1 |     3 ||     4
Armor: Scale mail        |     8 |       |       |       |       ||     8
       Plate armour      |    33 |    73 |    92 |   329 |   171 ||   698
Dodge: Dodged            |    35 |    55 |    69 |   221 |    93 ||   473
Block: Buckler           |    15 |    33 |   117 |   429 |   199 ||   793
       Reflection        |       |       |     5 |     5 |     1 ||    11
